 Dungeon Crawl Stone Soup version 0.29-a0-231-g945431f764 (webtiles) character file.

Game seed: 5865685879993320622

70 siradein the Digger (level 4, -1/33 HPs)
             Began as a Ghoul Earth Elementalist on Feb 28, 2022.
             Killed from afar by an orc wizard (10 damage)
             ... with a magic dart
             ... on level 3 of the Dungeon.
             The game lasted 00:06:29 (2811 turns).

siradein the Digger (Ghoul Earth Elementalist)      Turns: 2811, Time: 00:06:30

Health: -1/33      AC:  4    Str: 11    XL:     4   Next: 21%
Magic:  5/5        EV: 11    Int: 12    God:
Gold:   214        SH:  0    Dex:  9    Spells: 2/6 levels left

rFire   . . .      SeeInvis .   m - +2 dagger (drain)
rCold   + . .      Faith    .   (no shield)
rNeg    + + +      Spirit   .   o - +0 leather armour
rPois   ∞          Reflect  .   (no helmet)
rElec   .          Harm     .   l - +0 cloak
rCorr   .          Rampage  .   (no gloves)
Will    .....                   (no boots)
Stlth   +.........              (no amulet)
HPRegen 0.00/turn               j - ring of flight
MPRegen 0.09/turn               (no ring)

@: flying, inhibited regen
A: claws 1, cold resistance 1, negative energy resistance 3, inhibited
regeneration, torment resistance 2
a: no special abilities


You were on level 3 of the Dungeon.
You visited 1 branch of the dungeon, and saw 3 of its levels.

You collected 214 gold pieces.

Inventory:

Hand Weapons
 m - a +2 dagger of draining (weapon)
Missiles
 a - 140 stones
 k - 5 poisoned darts
Armour
 l - a +0 cloak (worn)
 o - a +0 leather armour (worn)
Jewellery
 j - a ring of flight (left claw)
Scrolls
 b - 2 scrolls of identify {unknown}
 c - a scroll of torment {unknown}
 e - a scroll of enchant weapon {unknown}
 i - a scroll of vulnerability {unknown}
 n - a scroll of fear {unknown}
 p - a scroll of immolation {unknown}
 q - a scroll of magic mapping {unknown}
Potions
 d - a potion of brilliance {unknown}
 f - 2 potions of curing {unknown}
 g - 2 potions of heal wounds {unknown}
 h - a potion of degeneration {unknown}


   Skills:
 - Level 1.7 Dodging
 - Level 2.1 Stealth
 - Level 1.7 Spellcasting
 + Level 0.1 Conjurations
 - Level 0.8 Transmutations
 * Level 5.4 Earth Magic


You had 2 spell levels left.
You knew the following spells:

 Your Spells              Type           Power      Damage    Failure   Level
a - Sandblast             Erth           28%        2d8       4%          1
b - Stone Arrow           Conj/Erth      14%        3d7       34%         3

Your spell library contained the following spells:

 Spells                   Type           Power      Damage    Failure   Level
 Passwall                 Tmut/Erth      6%         N/A       16%         2
 Animate Skeleton         Necr           2%         N/A       36%         1
 Pain                     Necr           4%         1d4       36%         1
 Static Discharge         Conj/Air       1%         N/A       47%         2
 Petrify                  Tmut/Erth      8%         N/A       71%         4
 Vampiric Draining        Necr           1%         2d6       73%         3
 Dispel Undead            Necr           1%         3d6       98%         4
 Sticky Flame             Conj/Fire      1%         2d3       98%         4


Dungeon Overview and Level Annotations

Branches:
Dungeon (3/15)

Altars:
Fedhas
Okawaru


Innate Abilities, Weirdness & Mutations

You thrive by killing the living.
You are immune to poison.
You have sharp fingernails.
Your flesh is cold resistant. (rC+)
You are immune to negative energy. (rN+++)
You do not regenerate when monsters are visible.
You are immune to unholy pain and torment.


Message History

The orc is almost dead.
The orc hits you with a +0 falchion.
You hit the orc.
You kill the orc!
The orc wizard gestures at you while chanting.
You are confused.
You see here a +0 falchion.
You are too confused!
You are too confused!
You are too confused!
You are too confused!
You miss the orc wizard. The orc wizard barely misses you.
You bump into the rock wall.
The orc wizard hits you but does no damage.
The orc wizard points at you and mumbles some strange words.
The puff of flame hits you.
The orc wizard casts a spell.
The orc wizard flickers and vanishes!
Deactivating autopickup; reactivate with Ctrl-A.
You see here a +0 falchion.
You bump into the rock wall.
Something hits you.
You closely miss something.
You feel less confused.
You hear some strange, mumbled words.
A magic dart appears from out of thin air!
The magic dart hits you.
You miss something. Something hits you.
You miss something. Something hits you.
You closely miss something. Something hits you.
* * * LOW HITPOINT WARNING * * *
You barely miss something. Something hits you but does no damage.
You miss something. Something hits you but does no damage.
You hear some strange, mumbled words.
A puff of flame appears from out of thin air!
The puff of flame misses you.
The orc seems less drained.
There is an escape hatch in the ceiling here.
A magic dart appears from out of thin air!
The magic dart hits you!
You die...

.# .# ########### .#
#..o).....#.### ##
#.#####o......# # #.#####.#
# #.o.....# ## ##.{....# .#
#......# . .###
#.@....#######< ...# ..
#.............. ...#
...######........#### ...#
....................# ...#
#. ........#.........# ...#
#.#########.#....<....#
##.###.......#
#.#.........# #..##.......#
#.#.........#
##.##.......###.#........##


You could see 2 orcs.

Vanquished Creatures
  An adder (D:2)
  An ufetubus (D:3)
  A dart slug (D:3)
  An orc (D:3)
  4 ball pythons
  5 endoplasms
  A giant cockroach (D:3)
  4 goblins
  2 hobgoblins
  12 jackals
  A quokka (D:2)
  A bat (D:2)
  3 frilled lizards
  4 kobolds
  8 rats
49 creatures vanquished.

Notes
Turn   | Place    | Note
-------+----------+-------------------------------------------
     0 | D:1      | siradein the Ghoul Earth Elementalist began the quest for
                  | the Orb.
     0 | D:1      | Reached XP level 1. HP: 14/14 MP: 2/2
   477 | D:1      | Reached XP level 2. HP: 20/20 MP: 3/3
   479 | D:1      | Reached skill level 4 in Earth Magic
  1077 | D:2      | You are sucked into a shaft and drop 1 floor!
  1124 | D:3      | Noticed an ogre
  1233 | D:3      | HP: 1/20 [ufetubus (3)]
  1235 | D:3      | Reached XP level 3. HP: 2/26 MP: 1/4
  1816 | D:3      | Found an iron altar of Okawaru.
  1823 | D:3      | Found a blossoming altar of Fedhas.
  2081 | D:2      | Reached skill level 5 in Earth Magic
  2366 | D:2      | Reached XP level 4. HP: 32/33 MP: 5/5
  2453 | D:2      | Learned a level 3 spell: Stone Arrow
  2682 | D:2      | Found a faded altar of an unknown god.
  2811 | D:3      | Killed from afar by an orc wizard

Illustrated notes

Levels and vault maps discovered:
D:1:      lightli_arrival_maybe_door_vault, layout_basic
D:2:      layout_rooms, shapermc_ecumenical_altar_hornbeckon
D:3:      layout_basic, nicolae_overflow_squiral,
          corexii_item_surrounded_by_moat

Skill      XL: |  1  2  3 |
---------------+----------+-----
Earth Magic    | 4 5 |  5.4
Dodging        | |  1.7
Stealth        | |  2.1
Spellcasting   | |  1.7
Conjurations   | |  0.1
Transmutations | |  0.8

Action                   |  1- 3 |  4- 6 || total
-------------------------+-------+-------++-------
Melee: Unarmed           |    63 |       ||    63
       Dagger            |    82 |    40 ||   122
 Cast: Sandblast         |     4 |       ||     4
 Stab: Sleeping          |     4 |     2 ||     6
Armor: Robe              |    17 |       ||    17
       Leather armour    |    31 |    11 ||    42
Dodge: Dodged            |   120 |    10 ||   130

Table legend: (Time is in decaauts)
 A = Elapsed time spent in this place.
 B = Non-inter-level travel time spent in this place.
 C = Inter-level travel time spent in this place.
 D = Time resting spent in this place.
 E = Time spent auto-exploring this place.
 F = Levels seen in this place.
 G = Mean time per level.
                   A        B        C        D        E       F      G
               +--------+--------+--------+--------+--------+-----+--------+
         Total |   2811 |   2780 |     31 |    394 |   1538 |   3 |  937.0 |
       Dungeon |   2811 |   2780 |     31 |    394 |   1538 |   3 |  937.0 |
               +--------+--------+--------+--------+--------+-----+--------+

Top non-repeatable levels by time:
     D:1: 1079 daAuts
     D:3: 940 daAuts
     D:2: 792 daAuts
